 Dungeon Crawl Stone Soup version 0.22-a0-392-g5dc3fd9 (webtiles) character file.

810 CanOfBees the Archer (level 7, -6/61 HPs)
             Began as a Centaur Hunter on May 1, 2018.
             Was an Initiate of Okawaru.
             Mangled by a hornet (9 damage)
             ... on level 7 of the Dungeon.
             The game lasted 00:12:57 (7340 turns).

CanOfBees the Archer (Centaur Hunter)               Turns: 7340, Time: 00:12:58

Health: -6/61      AC: 14    Str: 16    XL:     7   Next: 61%
Magic:  7/7        EV:  5    Int: 10    God:    Okawaru [......]
Gold:   357        SH:  0    Dex: 10    Spells: 6/6 levels left

rFire    + . .     SeeInvis .   a - +1 shortbow
rCold    . . .     Gourm    .   (shield currently unavailable)
rNeg     . . .     Faith    .   y - +2 chain mail {rF+}
rPois    .         Spirit   .   (no helmet)
rElec    .         Reflect  .   (no cloak)
rCorr    .         Harm     .   v - +0 pair of gloves
MR       .....                  (no barding)
Stlth    ..........             (no amulet)
HPRegen  0.20/turn              q - +4 ring of protection
MPRegen  0.10/turn              (no ring)

@: lethally poisoned (-6 -> -26), slowed
A: large, hooves 3, deformed body, speed 2, tough skin 3
a: Renounce Religion


You were on level 7 of the Dungeon.
You worshipped Okawaru.
Okawaru was noncommittal.
You were not hungry.

You visited 2 branches of the dungeon, and saw 9 of its levels.

You collected 357 gold pieces.

Inventory:

Hand Weapons
 a - a +1 shortbow (weapon)
 b - a +0 short sword
 k - a +0 spear
 s - a +0 glaive
Missiles
 d - 20 arrows (quivered)
Armour
 v - a +0 pair of gloves (worn)
 y - a +2 chain mail of fire resistance (worn)
Jewellery
 q - a +4 ring of protection (left hand)
 z - an uncursed amulet of guardian spirit
Scrolls
 c - 3 scrolls of remove curse
 g - a scroll of fear
 i - 3 scrolls of teleportation
 p - a scroll of blinking {unknown}
 t - 2 scrolls of identify
 u - a scroll of amnesia
Potions
 e - 2 potions of agility {unknown}
 h - 3 potions of haste {unknown}
 j - a potion of berserk rage {unknown}
 l - 2 potions of flight {unknown}
 m - 3 potions of brilliance {unknown}
 n - 2 potions of curing {unknown}
 o - a potion of ambrosia {unknown}
 r - 4 potions of magic {unknown}
 w - a potion of mutation {unknown}
 x - a potion of cancellation {unknown}
Comestibles
 f - 15 rations


   Skills:
 + Level 5.5 Fighting
 + Level 8.7 Bows
 - Level 2.0 Armour
 + Level 2.3 Dodging
 - Level 0.4 Stealth
 + Level 1.0 Invocations


You had 6 spell levels left.
You didn't know any spells.

Dungeon Overview and Level Annotations

Branches:
Dungeon (8/15)             Temple (1/1) D:5
   Lair: D:8-11

Altars:
Ashenzari
Cheibriados
Dithmenos
Elyvilon
Fedhas
Gozag
Hepliaklqana
Kikubaaqudgha
Makhleb
Nemelex Xobeh
Okawaru
Qazlal
Ru
Sif Muna
Trog
Uskayaw
Vehumet
Wu Jian
Xom
Yredelemnul
Zin
The Shining One


Innate Abilities, Weirdness & Mutations

You have hooves in place of feet.
Armour fits poorly on your strangely shaped body.
You cover ground very quickly.
You have extremely tough skin. (AC +3)


Message History

You shoot an arrow. The arrow misses the hornet.
* * * LOW HITPOINT WARNING * * *
You feel very sick.
The hornet stings you but does no damage.
The hornet barely misses you.
Firing (i - inventory)
d - 21 arrows (quivered)
Press: ? - help, Shift-Dir - straight line, f/p - hornet
Aim: a hornet (severely wounded)
You shoot an arrow. The arrow hits the hornet.
The hornet is almost dead.
* * * LOW HITPOINT WARNING * * *
You feel very sick.
The hornet stings you but does no damage.
The hornet stings you.
* * * LOW HITPOINT WARNING * * *
You feel as though you will be slow longer.
* * * LOW HITPOINT WARNING * * *
You feel very sick. The hornet stings you!
You die...

#..# #.# #..#...
P###...##. .......
≈≈...#.#.. .......
;PP[......##...#
P≈P..........#
P≈..#...#.y###
P.......##.# #
.......>##.####.#####
............y@.......
.$.....#.#.####...$..
.........#.# .....
......##...# ...)
...... ###.. ...
...... %.. .. ..####
.... . ≈P♣♣


You could see a hornet.

Vanquished Creatures
  A centaur (D:5)
  A big kobold (D:8)
  2 scorpions
  2 crimson imps (D:5)
  A jelly (D:5)
  3 orc priests
  Jessica (D:4)
  3 iguanas
  2 worker ants
  A gnoll (D:3)
  10 adders
  3 worms (D:3)
  A dart slug (D:3)
  13 orcs
  11 bats
  3 giant cockroaches
  7 goblins
  3 hobgoblins
  19 jackals
  11 kobolds
  5 quokkas
  4 frilled lizards
  7 rats
114 creatures vanquished.

Notes
Turn   | Place    | Note
-------+----------+-------------------------------------------
     0 | D:1      | CanOfBees the Centaur Hunter began the quest for the Orb.
     0 | D:1      | Reached XP level 1. HP: 17/17 MP: 1/1
   312 | D:1      | Reached XP level 2. HP: 18/24 MP: 2/2
   912 | D:2      | Noticed an ice beast
  1119 | D:2      | Reached XP level 3. HP: 28/30 MP: 3/3
  1562 | D:2      | Reached skill level 6 in Bows
  1562 | D:2      | Reached XP level 4. HP: 26/38 MP: 4/4
  2465 | D:3      | Reached XP level 5. HP: 38/46 MP: 5/5
  3448 | D:3      | Reached skill level 7 in Bows
  3933 | D:4      | Reached skill level 1 in Armour
  4082 | D:4      | Found a sparkling altar of Nemelex Xobeh.
  4082 | D:4      | Noticed Jessica
  4101 | D:4      | Killed Jessica
  4101 | D:4      | Reached XP level 6. HP: 52/52 MP: 6/6
  5169 | D:5      | Entered Level 5 of the Dungeon
  6014 | D:5      | Reached skill level 8 in Bows
  6014 | D:5      | Reached XP level 7. HP: 29/60 MP: 7/7
  6021 | D:5      | Reached skill level 5 in Fighting
  6476 | D:5      | Found an ornate altar of the Wu Jian Council.
  6726 | D:5      | Found a staircase to the Ecumenical Temple.
  6736 | Temple   | Entered the Ecumenical Temple
  6805 | Temple   | Became a worshipper of Warmaster Okawaru
  6917 | D:6      | Found a stormy altar of Qazlal.
  6939 | D:6      | You fall through a shaft for 2 floors!
  7057 | D:8      | Reached skill level 1 in Invocations
  7320 | D:7      | Noticed a hornet
  7335 | D:7      | Paralysed by a hornet for 1 turns
  7340 | D:7      | HP: 3/61 [poisoned by a hornet]
  7340 | D:7      | Mangled by a hornet

Vault maps used:
D:1:      noname_arrival_rooms_in_the_neighbourhood
D:2:      serial_park_tiny_pond
D:3:      serial_bayou_pond_b
D:4:      nemelex_lonely_heart_becter
D:5:      nicolae_overflow_crystal_walls, temple_hall, first_ration,
          due_unseen_surprise
D:6:      basic_altar, lemuel_tele_altar
D:7:      serial_bayou, serial_bayou_shore_b, serial_bayou_lagoon_a,
          serial_bayou_crossing, serial_bayou_lake_a, grunt_ogre_cave
D:8:      serial_shops, nicolae_shop_temple_entry_statues_fountains, shop,
          kennysheep_little_box, uniq_psyche
Temple:   compressed_dpeg_circular_temple

Skill      XL: |  1  2  3  4  5  6  7 |
---------------+----------------------+-----
Dodging        | 2 |  2.3
Fighting       | 3 4 5 |  5.5
Bows           | 6 7 8 |  8.7
Armour         | 1 2 |  2.0
Invocations    | 1 |  1.0
Stealth        | |  0.4

Action                   |  1- 3 |  4- 6 |  7- 9 || total
-------------------------+-------+-------+-------++-------
Melee: Short sword       |    41 |       |    73 ||   114
       Kick              |    16 |    89 |    25 ||   130
       Spear             |    92 |   401 |    17 ||   510
 Fire: Shortbow          |       |       |    18 ||    18
Throw: Throwing net      |       |     1 |       ||     1
  Use: Scroll            |     2 |     2 |     2 ||     6
  Eat: Chunk             |     2 |    12 |     4 ||    18
Armor: Leather armour    |    53 |       |       ||    53
       Ring mail         |    33 |   244 |     5 ||   282
       Chain mail        |       |       |    56 ||    56
Dodge: Dodged            |    90 |   248 |    29 ||   367

Table legend:
 A = Spawn XP
 B = Non-spawn XP
 C = Spawn XP percentage of total XP
 D = Spawn monster count
 E = Non-spawn monster count
 F = Spawn count percentage of total count
 G = Total turns spent on level
                    A         B        C        D         E        F      G
               +---------+---------+-------+---------+---------+-------+---------
         Total |       0 |    1158 |   0.0 |       0 |     114 |   0.0 |  7340
               +---------+---------+-------+---------+---------+-------+---------
           D:1 |       0 |      33 |   0.0 |       0 |      19 |   0.0 |  1085
           D:2 |       0 |     160 |   0.0 |       0 |      25 |   0.0 |  1385
           D:3 |       0 |     130 |   0.0 |       0 |      23 |   0.0 |  1374
           D:4 |       0 |     258 |   0.0 |       0 |      23 |   0.0 |  1862
           D:5 |       0 |     437 |   0.0 |       0 |      15 |   0.0 |  1112
           D:8 |       0 |     140 |   0.0 |       0 |       9 |   0.0 |   376
               +---------+---------+-------+---------+---------+-------+---------
